 Dungeon Crawl Stone Soup version 0.28.0 (webtiles) character file.

Game seed: 1274460168852773643

31 HallandMoats the Ruffian (level 3, -5/36 HPs)
             Began as a Troll Monk on Feb 12, 2022.
             Was a Believer of Vehumet.
             Slain by an iron imp (10 damage)
             ... summoned by Natasha
             ... on level 2 of the Dungeon.
             The game lasted 00:01:01 (814 turns).

HallandMoats the Ruffian (Troll Monk)                Turns: 814, Time: 00:01:01

Health: -5/36      AC:  4    Str: 21    XL:     3   Next: 7%
Magic:  2/2        EV: 10    Int:  6    God:    Vehumet [**....]
Gold:   37         SH:  0    Dex: 12    Spells: 2/2 levels left

rFire   + . .      SeeInvis .     - Unarmed
rCold   . . .      Faith    .   (no shield)
rNeg    . . .      Spirit   .   a - +0 robe
rPois   .          Reflect  .   (helmet restricted)
rElec   .          Harm     .   (no cloak)
rCorr   .          Rampage  .   (gloves unavailable)
Will    .....                   (boots unavailable)
Stlth   ++........              f - amulet of regeneration
HPRegen 1.72/turn               h - ring of protection from fire
MPRegen 0.08/turn               (no ring)

@: slowed, very slow
A: large, unfitting armour, claws 3, regeneration 1, shaggy fur 1, tough skin 1
a: Renounce Religion


You were on level 2 of the Dungeon.
You worshipped Vehumet.
Vehumet was pleased with you.
You visited 1 branch of the dungeon, and saw 2 of its levels.

You collected 37 gold pieces.

Inventory:

Armour
 a - a +0 robe (worn)
Jewellery
 f - an amulet of regeneration (around neck)
 h - a ring of protection from fire (left claw)
Scrolls
 b - a scroll of amnesia {unknown}
 c - a scroll of fear {unknown}
 d - 2 scrolls of identify {unknown}
Potions
 e - 2 potions of heal wounds {unknown}
 g - a potion of curing {unknown}
 i - a potion of degeneration {unknown}


   Skills:
 * Level 2.6 Fighting
 * Level 0.8 Armour
 * Level 2.7 Dodging
 - Level 1.0 Stealth
 * Level 3.2 Unarmed Combat
 + Level 0.7 Invocations


You had 2 spell levels left.
You didn't know any spells.
Your spell library contained the following spells:

 Spells                   Type           Power      Damage    Failure   Level
 Searing Ray              Conj           0%         2d4       58%         2
 Slow                     Hex            0%         N/A       45%         1
 Ensorcelled Hibernation  Hex/Ice        0%         N/A       58%         2
 Passwall                 Tmut/Erth      0%         N/A       58%         2
 Static Discharge         Conj/Air       0%         N/A       58%         2
 Confusing Touch          Hex            0%         N/A       83%         3
 Swiftness                Air            0%         N/A       83%         3
 Vampiric Draining        Necr           0%         2d6       83%         3
 Dispel Undead            Necr           0%         3d6       99%         4
 Sticky Flame             Conj/Fire      0%         2d3       99%         4


Dungeon Overview and Level Annotations

Branches:
Dungeon (2/15)

Altars:
Vehumet

Annotations:
D:2 Natasha


Innate Abilities, Weirdness & Mutations

You are too large for most types of armour.
You have claws for hands.
Your natural rate of healing is unusually fast.
You are covered in fur. (AC +1)
You have tough skin. (AC +1)


Message History

Unknown command.
You are too injured to fight recklessly!
Unknown command.
You are too injured to fight recklessly!
Unknown command.
You are too injured to fight recklessly!
Unknown command.
You are too injured to fight recklessly!
The frilled lizard bites you. The endoplasm freezes you.
You are frozen.
The frilled lizard closely misses you. Natasha casts a spell at you.
You resist with significant effort.
You scratch the iron imp but do no damage.
The endoplasm hits you but does no damage.
The frilled lizard bites you but does no damage.
Natasha claws you but does no damage. The endoplasm barely misses you.
The iron imp barely misses you.
You closely miss the frilled lizard. The frilled lizard closely misses you.
Natasha casts a spell at you. The magic dart hits you.
The endoplasm hits you but does no damage.
The iron imp completely misses you. The frilled lizard barely misses you.
Natasha claws you.
* * * LOW HITPOINT WARNING * * *
You scratch the frilled lizard.
You kill the frilled lizard!
Vehumet accepts your kill. The endoplasm freezes you.
You are frozen.
The iron imp hits you.
* * * LOW HITPOINT WARNING * * *
Natasha barely misses you. The endoplasm freezes you.
You are frozen.
* * * LOW HITPOINT WARNING * * *
Natasha casts a spell at you. The magic dart hits you.
* * * LOW HITPOINT WARNING * * *
The iron imp hits you!
You die...

######.......##. #.
#...)....######. #.
#.########...... #.##.#
#.####. #.#..# ### #..
#.#.##... .....
######.#.##.###.# .....
.......5..†.............
.=.....@J...............
######.#h##.............
#.#5# #####. .##.. #....
..... .....# .....
##...# ..... ..... ###.#
..... .......


You could see an iron imp (summoned), Natasha, a white imp (summoned) and an
endoplasm.

Vanquished Creatures
  2 dart slugs
  2 giant cockroaches
  A goblin (D:1)
  3 hobgoblins
  4 jackals (D:1)
  3 kobolds
  5 ball pythons
  A frilled lizard (D:2)
  2 rats (D:1)
23 creatures vanquished.

Notes
Turn   | Place    | Note
-------+----------+-------------------------------------------
     0 | D:1      | HallandMoats the Troll Monk began the quest for the Orb.
     0 | D:1      | Reached XP level 1. HP: 22/22 MP: 0/0
   310 | D:1      | Reached XP level 2. HP: 29/29 MP: 1/1
   578 | D:1      | Found a faded altar of an unknown god.
   600 | D:1      | Prayed at the altar of an unknown god.
   600 | D:1      | Became a worshipper of Vehumet
   600 | D:1      | Reached * piety under Vehumet
   600 | D:1      | Offered knowledge of Foxfire by Vehumet.
   600 | D:1      | Reached ** piety under Vehumet
   798 | D:2      | Noticed Natasha
   801 | D:2      | Offered knowledge of Searing Ray by Vehumet.
   802 | D:2      | Reached XP level 3. HP: 36/36 MP: 2/2
   814 | D:2      | Slain by an iron imp

Illustrated notes

Levels and vault maps discovered:
D:1:      minmay_arrival_widening_spiral_wide, layout_loops_ring,
          basic_ecumenical_altar
D:2:      layout_loops_ring, uniq_natasha

Action                   || total
-------------------------++-------
Melee: Unarmed           ||    62
 Stab: Sleeping          ||     3
Armor: Robe              ||    35
Dodge: Dodged            ||    51
